 Dungeon Crawl Stone Soup version 0.24-a0-458-gfcb5e6d (webtiles) character file.

Game seed: 10267373052511105232

126 Dittersdorf the Skirmisher (level 4, 0/37 HPs)
             Began as a Mummy Fighter on June 26, 2019.
             Slain by Crazy Yiuf
             ... wielding a +2 quarterstaff of chaos
              (8 damage)
             ... on level 2 of the Dungeon.
             The game lasted 00:02:01 (1670 turns).

Dittersdorf the Skirmisher (Mummy Fighter)          Turns: 1670, Time: 00:02:01

Health: 0/37       AC:  6    Str: 20    XL:     4   Next: 83%
Magic:  4/4        EV:  7    Int:  4    God:
Gold:   97         SH:  0    Dex: 11    Spells: 3/3 levels left

rFire    x . .     SeeInvis .   a - +0 long sword
rCold    + . .     Gourm    .   c - +0 shield
rNeg     + + +     Faith    .   b - +0 scale mail
rPois    ∞         Spirit   .   (no helmet)
rElec    .         Reflect  .   (no cloak)
rCorr    .         Harm     .   (no gloves)
MR       .....                  (no boots)
Stlth    ..........             (no amulet)
HPRegen  0.12/turn              h - -3 ring of intelligence (curse)
MPRegen  0.09/turn              (no ring)

@: confused
A: no food or potions, fire vulnerability, cold resistance 1, negative energy
resistance 3, torment resistance, unbreathing
a: no special abilities


You were on level 2 of the Dungeon.
You were not hungry.

You visited 1 branch of the dungeon, and saw 2 of its levels.

You collected 97 gold pieces.

Inventory:

Hand Weapons
 a - a +0 long sword (weapon)
Missiles
 i - a throwing net (quivered)
Armour
 b - a +0 scale mail (worn)
 c - a +0 shield (worn)
Jewellery
 h - a cursed -3 ring of intelligence (left hand)
Scrolls
 d - 2 scrolls of magic mapping {unknown}
 e - a scroll of immolation {unknown}
 f - 4 scrolls of identify {unknown}
 g - a scroll of remove curse {unknown}
 j - a scroll of noise {unknown}
 k - a scroll of teleportation {unknown}


   Skills:
 + Level 3.8 Fighting
 + Level 2.4 Long Blades
 + Level 3.1 Armour
 + Level 3.1 Shields


You had 3 spell levels left.
You didn't know any spells.
Your spell library was empty.

Dungeon Overview and Level Annotations

Branches:
Dungeon (2/15)

Altars:

Annotations:
D:2 Crazy Yiuf


Innate Abilities, Weirdness & Mutations

You do not eat or drink.
Your flesh is vulnerable to fire.
You are immune to poison.
Your flesh is cold resistant. (rC+)
You are immune to negative energy. (rN+++)
You are immune to unholy pain and torment.
You can survive without breathing.


Message History

You barely miss Crazy Yiuf.
Crazy Yiuf is moderately wounded.
Crazy Yiuf hits you with a +2 quarterstaff of chaos.
You closely miss Crazy Yiuf.
Crazy Yiuf is moderately wounded.
You block Crazy Yiuf's attack.
Your shield prevents you from hitting Crazy Yiuf.
Crazy Yiuf is moderately wounded.
Crazy Yiuf hits you with a +2 quarterstaff of chaos!
Crazy Yiuf burns you.
Crazy Yiuf hits you with a +2 quarterstaff of chaos.
You are confused.
You closely miss Crazy Yiuf.
Crazy Yiuf is moderately wounded.
Crazy Yiuf says, "Lay!
Castle song Xom."
Crazy Yiuf hits you with a +2 quarterstaff of chaos!
* * * LOW HITPOINT WARNING * * *
You bump into the stone wall.
Crazy Yiuf hits you with a +2 quarterstaff of chaos!
You die...

#............# #.# #.# ##
####.######.##..# #.# #.# ##.
.....# #.##..# #.# #.#######..
.##### ####### ### ##....##...
..####### #..#.##...
.>.....[##♣♣♣♣♣ #....##...
..####.#...)♣)♣♣♣ ### ##...###..
.## #......)♣))♣#)))# #...# ##.
.### #......♣♣♣♣@g)).# #...# ##
.).# ##....♣♣ ♣♣#)))# #...# #
.).## ####♣♣ ### ##.%.#####
....# #......... ....#####
##...##### .....<..##### ###
##..####
..#.#####.#.#########.####.....#
.†...# #.#.##.)...........###.#
.##..# #.#.##.######.####.# #.#


You could see Crazy Yiuf.

Vanquished Creatures
  A bullfrog (D:2)
  An adder (D:2)
  An ooze (D:1)
  A dart slug (D:1)
  4 bats
  A giant cockroach (D:1)
  5 hobgoblins
  12 jackals
  A ball python (D:2)
  3 frilled lizards
  5 goblins
  7 kobolds
  A rat (D:2)
43 creatures vanquished.

Notes
Turn   | Place    | Note
-------+----------+-------------------------------------------
     0 | D:1      | Dittersdorf the Mummy Fighter began the quest for the Orb.
     0 | D:1      | Reached XP level 1. HP: 18/18 MP: 1/1
     7 | D:1      | You fall into a shaft and drop 1 floor!
    52 | D:2      | Reached XP level 2. HP: 23/24 MP: 2/2
   392 | D:1      | Reached XP level 3. HP: 29/29 MP: 3/3
  1422 | D:2      | Noticed a bullfrog
  1437 | D:2      | Killed a bullfrog
  1437 | D:2      | Reached XP level 4. HP: 17/37 MP: 4/4
  1660 | D:2      | Found a runed translucent door.
  1661 | D:2      | Noticed Crazy Yiuf
  1670 | D:2      | Slain by Crazy Yiuf

Levels and vault maps discovered:
D:1:      lemuel_arrival_tunnels, layout_loops_cross
D:2:      layout_loops_ring, bh_chokoban, uniq_crazy_yiuf_cottage

Skill      XL: |  1  2  3 |
---------------+----------+-----
Long Blades    | 2 |  2.4
Armour         | 3 |  3.1
Shields        | 3 |  3.1
Fighting       | |  3.8

Action                   |  1- 3 |  4- 6 || total
-------------------------+-------+-------++-------
Melee: Long sword        |   144 |     5 ||   149
Armor: Scale mail        |    87 |       ||    87
Dodge: Dodged            |    64 |       ||    64
Block: Shield            |    77 |     2 ||    79
       Rpst.: Long sword |    22 |       ||    22

Table legend:
 A = Non-vault XP
 B = Vault XP
 C = Vault XP percentage of total XP
 D = Non-vault monster count
 E = Vault monster count
 F = Vault count percentage of total count
                 A         B        C        D         E       F
            +---------+---------+-------+---------+---------+-------
      Total |     180 |       0 |   0.0 |      43 |       0 |   0.0
            +---------+---------+-------+---------+---------+-------
        D:1 |      29 |       0 |   0.0 |      14 |       0 |   0.0
        D:2 |     151 |       0 |   0.0 |      29 |       0 |   0.0
            +---------+---------+-------+---------+---------+-------
